 Dungeon Crawl Stone Soup version 0.30-a0-757-ga6a79fd877 (webtiles) character file.

Game seed: 16252306594089694401

1267 cforsyth the Summoner (level 8, 0/41 HPs)
             Began as a Tengu Summoner on Feb 9, 2023.
             Was an Initiate of Gozag.
             Killed by an exploding themself (21 damage)
             ... ignited by their inner flame
             ... on level 6 of the Dungeon.
             The game lasted 00:17:18 (6324 turns).

cforsyth the Summoner (Tengu Summoner)              Turns: 6324, Time: 00:17:19

Health: 0/41       AC:  3    Str: 12    XL:     8   Next: 53%
Magic:  14/19      EV: 14    Int: 18    God:    Gozag
Gold:   725        SH:  0    Dex: 14    Spells: 7/20 levels left

rFire   + . .      SeeInvis .    A - +1 rapier "Grim" {venom, rF+ Will+ Str+3 Stlth-}
rCold   . . .      Faith    .    j - orb {light}
rNeg    . . .      Spirit   .    a - +1 robe
rPois   .          Reflect  .    (helmet restricted)
rElec   .          Harm     .    (no cloak)
rCorr   .          Rampage  .    (no gloves)
Will    +....                    (boots unavailable)
Stlth   +                        i - amulet of regeneration
HPRegen 1.06/turn                (no ring)
MPRegen 0.16/turn                (no ring)

@: gold aura, flying quickly and evasively, glowing, quick
A: beak, talons 3, nimble flight
a: Renounce Religion, Potion Petition, Call Merchant, Bribe Branch


You were on level 6 of the Dungeon.
You worshipped Gozag.
Gozag was pleased with you.
You visited 1 branch of the dungeon, and saw 6 of its levels.

You collected 789 gold pieces.
You paid 64 gold pieces to Gozag.

Inventory:

Hand Weapons
 A - the +1 rapier "Grim" (weapon) {venom, rF+ Will+ Str+3 Stlth-}
   (You found it on level 6 of the Dungeon)

   Str:       It affects your strength (+3).
   rF:        It protects you from fire.
   Will:      It increases your willpower.
   Stlth:     It makes you less stealthy.
Missiles
 y - a throwing net
Armour
 a - a +1 robe (worn)
 j - an orb of light (worn)
Jewellery
 i - an amulet of regeneration (around neck)
 m - a +4 ring of protection
Wands
 s - a wand of flame (13)
 x - a wand of charming (7)
 B - a wand of polymorph (9)
Scrolls
 c - a scroll of immolation
 d - a scroll of acquirement {unknown}
 e - a scroll of enchant armour
 f - a scroll of magic mapping {unknown}
 g - a scroll of poison {unknown}
 l - a scroll of amnesia
 o - a scroll of fog {unknown}
 q - 5 scrolls of teleportation
 v - a scroll of vulnerability {unknown}
 w - a scroll of noise {unknown}
Potions
 b - 3 potions of magic
 h - 2 potions of might
 k - a potion of cancellation
 n - 2 potions of haste
 p - a potion of resistance
 r - 2 potions of invisibility
 t - a potion of brilliance {unknown}
 u - 3 potions of curing
 z - a potion of mutation {unknown}


   Skills:
 - Level 2.1 Dodging
 - Level 2.0 Stealth
 + Level 6.8 Spellcasting
 + Level 9.8 Summonings


You had 7 spell levels left.
You knew the following spells:

 Your Spells              Type           Power      Damage    Failure   Level
a - Summon Small Mammal   Summ           100%       N/A       1%          1
b - Call Imp              Summ           41%        N/A       1%          2
c - Call Canine Familiar  Summ           41%        N/A       1%          3
d - Summon Guardian Gole  Hex/Summ       23%        N/A       4%          3
e - Summon Lightning Spi  Summ/Air       23%        N/A       14%         4

Your spell library contained the following spells:

 Spells                   Type           Power      Damage    Failure   Level
 Foxfire                  Conj/Fire      24%        2x1d5     11%         1
 Lesser Beckoning         Tloc           12%        N/A       17%         2
 Gell's Gravitas          Tloc           6%         N/A       32%         3
 Teleport Other           Tloc           6%         N/A       32%         3
 Fireball                 Conj/Fire      3%         3d4       97%         5
 Starburst                Conj/Fire      3%         6d3       100%        6


Dungeon Overview and Level Annotations

Branches:
Dungeon (6/15)             Temple (0/1) D:5

Altars:
Ashenzari
Gozag
Makhleb
The Shining One


Innate Abilities, Weirdness & Mutations

You have a beak for a mouth.
You have claws for feet.
Your magical nature lets you fly swiftly and evasively.


Message History

The orc completely misses you.
Your hound bites the orc warrior.
The orc warrior hits your guardian golem with a +0 heavy scimitar!
Your crimson imp blinks!
You barely miss the orc. You claw the orc!
You kill the orc!
Your hound closely misses the orc warrior.
Your hound bites the orc warrior.
You hit the ufetubus but do no damage.
The ufetubus is poisoned.
The orc hits you with a +0 flail.
The orc warrior hits your guardian golem with a +0 heavy scimitar!
The ufetubus closely misses you. The ufetubus barely misses you.
Your hound barely misses the orc warrior.
Your guardian golem overheats!
The orc barely misses you. The ufetubus completely misses you.
The ufetubus barely misses you.
Your hound barely misses the orc warrior.
You barely miss the ufetubus.
The ufetubus is heavily wounded.
The ufetubus hits you. The ufetubus closely misses you.
The orc warrior hits your guardian golem with a +0 heavy scimitar!
Flame seeps out of your guardian golem.
Your hound bites the orc warrior but does no damage.
The orc is distracted by your dazzling golden aura.
Your guardian golem is engulfed in blazing flames.
Flame seeps out of your guardian golem. The ufetubus misses you.
The ufetubus barely misses you.
Your hound bites the orc warrior but does no damage.
Your crimson imp misses the orc warrior.
The ufetubus hits you but does no damage. x2
Your hound bites the orc warrior.
The orc warrior closely misses your hound.
Your guardian golem is engulfed in blazing flames.
Your guardian golem disappears in a puff of smoke!
Your guardian golem explodes!
The fiery explosion engulfs your crimson imp.
Your crimson imp completely resists.
The fiery explosion engulfs you!! You resist.
Ouch! That really hurt!
You die...
Your body crumbles into a pile of gold.

#..........##..........#
##.........##..........##^
#.......##.#.............
#......................#
.......................#
......###..............##
......#.........5o......#.
................h°........
.#...........$.@§........
............o5##......
..............# ......
..............# ......
............ .....
...>........# .....
.......(... ....
............


You could see an orc warrior (ally target), an orc (distracted), an ufetubus
(very poisoned, ally target), a friendly hound (summoned, sheltered) and a
friendly crimson imp (summoned, sheltered).

Vanquished Creatures
  An iguana (D:5)
  A gnoll (D:4)
  5 orcs
  2 ball pythons
  An endoplasm (D:1)
  A giant cockroach (D:3)
  A kobold (D:4)
  A rat (D:3)
13 creatures vanquished.

Vanquished Creatures (collateral kills)
  Grinder (D:4)
  Sigmund (D:1)
  A black bear (D:6)
  An ogre (D:4)
  A sky beast (D:6)
  3 scorpions
  A hound (D:6)
  An iguana (D:5)
  A mummy (D:5)
  9 adders
  14 gnolls
  A shadow imp (D:5)
  A nameless horror (D:4)
  An ufetubus (D:4)
  A worm (D:5)
  4 dart slugs
  13 orcs
  A bat (D:1)
  2 endoplasms
  5 giant cockroaches
  9 goblins
  10 hobgoblins
  5 jackals
  4 quokkas
  5 ball pythons
  A frilled lizard (D:3)
  2 hobgoblin zombies (D:5)
  6 kobolds
  A kobold zombie (D:5)
  An orc zombie (D:5)
  7 rats
114 creatures vanquished.

Vanquished Creatures (others)
  A fungus (D:5)
  A plant (D:1)
2 creatures vanquished.

Grand Total: 129 creatures vanquished

Notes
Turn   | Place    | Note
-------+----------+-------------------------------------------
     0 | D:1      | cforsyth the Tengu Summoner began the quest for the Orb.
     0 | D:1      | Reached XP level 1. HP: 10/10 MP: 4/4
   103 | D:1      | Reached skill level 5 in Summonings
   168 | D:1      | Reached XP level 2. HP: 15/15 MP: 3/6
   171 | D:1      | Learned a level 2 spell: Call Imp
  1019 | D:2      | Noticed Sigmund
  1081 | D:2      | Reached XP level 3. HP: 19/19 MP: 1/7
  1096 | D:1      | Learned a level 3 spell: Call Canine Familiar
  1876 | D:1      | Killed Sigmund
  1877 | D:1      | Reached skill level 6 in Summonings
  1877 | D:1      | Reached XP level 4. HP: 24/24 MP: 2/10
  1877 | D:1      | Gained mutation: Your magical nature lets you fly swiftly
                  | and evasively. [Tengu growth]
  1877 | D:1      | Reached XP level 5. HP: 28/28 MP: 2/11
  2165 | D:2      | Reached XP level 6. HP: 32/32 MP: 6/13
  2247 | D:2      | Reached skill level 7 in Summonings
  2315 | D:2      | Learned a level 3 spell: Summon Guardian Golem
  2320 | D:2      | Learned a level 4 spell: Summon Lightning Spire
  2461 | D:2      | Found a faded altar of an unknown god.
  3244 | D:3      | Found a burning altar of Makhleb.
  3251 | D:3      | Found an opulent altar of Gozag.
  3251 | D:3      | Found a broken altar of Ashenzari.
  3252 | D:3      | Found a glowing golden altar of the Shining One.
  3271 | D:3      | Became a worshipper of Gozag Ym Sagoz the Greedy
  4169 | D:4      | Noticed Grinder
  4265 | D:4      | Killed Grinder
  4266 | D:4      | Reached skill level 5 in Spellcasting
  4266 | D:4      | Reached skill level 8 in Summonings
  4266 | D:4      | Reached XP level 7. HP: 29/36 MP: 3/15
  5276 | D:4      | Reached XP level 8. HP: 41/41 MP: 10/17
  5426 | D:5      | Entered Level 5 of the Dungeon
  5678 | D:5      | Found a staircase to the Ecumenical Temple.
  5728 | D:5      | Reached skill level 9 in Summonings
  6195 | D:6      | Identified the +1 rapier "Grim" {venom, rF+ Will+ Str+3
                  | Stlth-}
  6324 | D:6      | Killed by an exploding themself... ignited by their inner
                  | flame

Illustrated notes

Levels and vault maps discovered:
D:1:      evilmike_arrival_plus, layout_rooms, serial_curves, eino_curves_01,
          eino_curves_02
D:2:      layout_loops_cross, ebering_ecumenical_altar_box, grunt_ministairs_6,
          minmay_statues_item, minmay_misc_feat_x, minmay_misc_feat_columns,
          minmay_misc_feat_square, minmay_tetromino_i4, uniq_sigmund
D:3:      layout_basic, chequers_temple_overflow_statue_of_worship,
          minmay_vboxes
D:4:      layout_cave_pools, nicolae_eternal_life, dk_noncrumbling_3,
          kennysheep_cluttered_room, uniq_grinder
D:5:      kennysheep_steamy, layout_basic, minmay_temple_entry_mini_moons,
          minmay_mini_ossuary
D:6:      layout_cave_pools

Skill      XL: |  1  2  3  4  5  6  7  8 |
---------------+-------------------------+-----
Summonings     | 5 6 8 9 |  9.8
Spellcasting   | 3 4 5 6 |  6.8
Dodging        | |  2.1
Stealth        | |  2.0

Action                     |  1- 3 |  4- 6 |  7- 9 || total
---------------------------+-------+-------+-------++-------
  Melee: Unarmed           |     9 |    29 |    20 ||    58
         Peck              |     4 |     5 |    13 ||    22
         Kick              |     2 |     9 |    12 ||    23
         Rapier            |       |       |     7 ||     7
   Cast: Summon Small Mamm |    37 |    25 |    26 ||    88
         Call Imp          |    13 |    11 |    12 ||    36
         Call Canine Famil |     6 |    23 |    22 ||    51
         Summon Guardian G |       |       |     5 ||     5
    Use: Scroll            |       |       |     9 ||     9
   Stab: Distracted        |       |       |     1 ||     1
 Armour: Robe              |     7 |     3 |     6 ||    16
  Dodge: Dodged            |    25 |    44 |    38 ||   107

Table legend: (Time is in decaauts)
 A = Elapsed time spent in this place.
 B = Non-inter-level travel time spent in this place.
 C = Inter-level travel time spent in this place.
 D = Time resting spent in this place.
 E = Time spent auto-exploring this place.
 F = Levels seen in this place.
 G = Mean time per level.
                   A        B        C        D        E       F      G
               +--------+--------+--------+--------+--------+-----+--------+
         Total |   6069 |   5758 |    311 |    540 |   3605 |   6 | 1011.5 |
       Dungeon |   6069 |   5758 |    311 |    540 |   3605 |   6 | 1011.5 |
               +--------+--------+--------+--------+--------+-----+--------+

Top non-repeatable levels by time:
     D:1: 1877 daAuts
     D:4: 1456 daAuts
     D:2: 1020 daAuts
     D:3: 970 daAuts
     D:5: 603 daAuts
     D:6: 140 daAuts
